 Dungeon Crawl Stone Soup version 0.28.0 (webtiles) character file.

Game seed: 3740617136250591034

191 Crownlay the Digger (level 5, -2/28 HPs)
             Began as a Gargoyle Earth Elementalist on Feb 18, 2022.
             Slain by Pikel (3 damage)
             ... on level 4 of the Dungeon.
             The game lasted 00:04:33 (2750 turns).

Crownlay the Digger (Gargoyle Earth Elementalist)   Turns: 2750, Time: 00:04:33

Health: -2/28      AC: 13    Str: 11    XL:     5   Next: 70%
Magic:  0/11       EV: 11    Int: 18    God:
Gold:   177        SH:  0    Dex: 10    Spells: 6/12 levels left

rFire   . . .      SeeInvis .   f - +2 spear (freeze)
rCold   . . .      Faith    .   (no shield)
rNeg    + . .      Spirit   .   r - +2 leather armour {Will+}
rPois   ∞          Reflect  .   h - +2 helmet
rElec   +          Harm     .   (no cloak)
rCorr   .          Rampage  .   (no gloves)
Will    +....                   d - +0 pair of boots
Stlth   ++........              (no amulet)
HPRegen 0.09/turn               (no ring)
MPRegen 0.12/turn               (no ring)

@: no status effects
A: sickness immunity, AC +4, negative energy resistance 1, electricity
resistance, torment resistance 1, petrification resistance
a: no special abilities


You were on level 4 of the Dungeon.
You visited 1 branch of the dungeon, and saw 4 of its levels.

You collected 177 gold pieces.

Inventory:

Hand Weapons
 f - a +2 spear of freezing (weapon)
Missiles
 c - 121 stones
Armour
 d - a +0 pair of boots (worn)
 h - a +2 helmet (worn)
 r - a +2 leather armour of willpower (worn)
Magical Staves
 k - a staff of conjuration
Scrolls
 a - a scroll of identify
 e - a scroll of teleportation {unknown}
 g - a scroll of summoning {unknown}
 l - a scroll of magic mapping {unknown}
 m - a scroll of fear {unknown}
 n - a scroll of enchant weapon {unknown}
Potions
 i - a potion of mutation {unknown}
 j - a potion of haste {unknown}
 o - a potion of lignification {unknown}
 p - 2 potions of invisibility
 q - 2 potions of attraction


   Skills:
 - Level 1.5 Dodging
 - Level 2.1 Stealth
 * Level 4.1 Spellcasting
 + Level 2.0 Conjurations
 - Level 0.7 Transmutations
 + Level 4.9 Earth Magic


You had 6 spell levels left.
You knew the following spells:

 Your Spells              Type           Power      Damage    Failure   Level
a - Sandblast             Erth           42%        2d11      2%          1
b - Passwall              Tmut/Erth      11%        N/A       9%          2
c - Stone Arrow           Conj/Erth      32%        3d9       14%         3

Your spell library contained the following spells:

 Spells                   Type           Power      Damage    Failure   Level
 Beastly Appendage        Tmut           12%        N/A       14%         1
 Wereblood                Tmut           6%         N/A       22%         2
 Spider Form              Tmut/Pois      5%         N/A       45%         3
 Petrify                  Tmut/Erth      14%        N/A       52%         4


Dungeon Overview and Level Annotations

Branches:
Dungeon (4/15)
 Temple: D:4-7

Altars:

Shops:
D:1 (

Annotations:
D:4 Pikel


Innate Abilities, Weirdness & Mutations

You are immune to sickness and miasma.
Your stone body is resilient. (AC +4)
You are immune to poison.
You resist negative energy. (rN+)
You are resistant to electric shocks. (rElec)
You are resistant to unholy torment.
You are immune to petrification.


Message History

Pikel burns you.
The blast of sand hits Pikel!
Pikel is heavily wounded.
Pikel barely misses you.
The blast of sand hits Pikel but does no damage.
Pikel is heavily wounded.
Pikel hits you with a +1 whip of flaming.
Pikel burns you.
You hit Pikel. You freeze Pikel.
Pikel is severely wounded.
Pikel closely misses you.
You barely miss Pikel.
Pikel is severely wounded.
Pikel zaps a wand.
You resist with some effort.
You closely miss Pikel.
Pikel is severely wounded.
Pikel hits you but does no damage.
A lemure comes into view.
You hit Pikel but do no damage.
Pikel is severely wounded.
Pikel zaps a wand.
You resist with some effort.
You closely miss Pikel.
Pikel is severely wounded.
Pikel hits you with a +1 whip of flaming.
* * * LOW HITPOINT WARNING * * *
Pikel burns you.
* * * LOW HITPOINT WARNING * * *
A lemure comes into view.
Casting: Sandblast (safe; 2% risk of failure)
Confirm with . or Enter, or press ? or * to list all spells.
Aiming: Sandblast (safe; 2% risk of failure)
Press: ? - help, Shift-Dir - straight line, f/p - Pikel
Aim: Pikel, wielding a +1 whip of flaming, wearing a +0 robe and carrying a wand of mindburst (4) (severely wounded, 76% to hit)
The blast of sand hits Pikel.
Pikel is almost dead.
The lemure shouts!
Pikel hits you with a +1 whip of flaming.
* * * LOW HITPOINT WARNING * * *
Pikel burns you.
You die...

#. #. ##.##
...# #5.# #5.#
#..#
#.5#########
#..55K@†...#
#.########.....
... ### ####


You could see Pikel and 3 lemures.

Vanquished Creatures
  The ghost of mopl the Cutter, an amateur DsGl (D:3)
  A lemure (D:4)
  4 adders (D:3)
  An adder skeleton (D:2)
  2 worms
  4 dart slugs
  2 orcs (D:3)
  A bat (D:1)
  6 endoplasms
  3 giant cockroaches
  4 goblins
  6 hobgoblins
  2 quokkas (D:1)
  8 ball pythons
  3 frilled lizards
  4 kobolds
  5 rats
57 creatures vanquished.

Notes
Turn   | Place    | Note
-------+----------+-------------------------------------------
     0 | D:1      | Crownlay the Gargoyle Earth Elementalist began the quest
                  | for the Orb.
     0 | D:1      | Reached XP level 1. HP: 10/10 MP: 3/3
    90 | D:1      | Found a faded altar of an unknown god.
   107 | D:1      | Reached XP level 2. HP: 10/15 MP: 3/5
   390 | D:1      | Found Laoxzac's Weapon Shop.
   853 | D:1      | Reached XP level 3. HP: 19/19 MP: 7/7
  1742 | D:2      | Learned a level 2 spell: Passwall
  1746 | D:2      | Learned a level 3 spell: Stone Arrow
  1859 | D:3      | Reached XP level 4. HP: 24/24 MP: 8/8
  1968 | D:3      | Found a runed translucent door.
  1978 | D:3      | Reached skill level 1 in Conjurations
  2498 | D:3      | Noticed mopl's ghost (amateur DsGl)
  2643 | D:3      | Killed mopl's ghost
  2644 | D:3      | Reached XP level 5. HP: 28/28 MP: 5/11
  2726 | D:4      | Noticed a lemure
  2726 | D:4      | Noticed a lemure
  2736 | D:4      | Noticed Pikel
  2742 | D:4      | Killed a lemure
  2747 | D:4      | Noticed a lemure
  2749 | D:4      | Noticed a lemure
  2750 | D:4      | HP: 1/28 [Pikel (5)]
  2750 | D:4      | Slain by Pikel

Illustrated notes

Levels and vault maps discovered:
D:1:      dpeg_arrival_simpleton_a, layout_loops_ring, serial_shops,
          nicolae_shop_hallway_plus, shapermc_ecumenical_altar_starsandcircs,
          chequers_serial_rivers_small_b, minmay_3d_cube
D:2:      layout_basic, kennysheep_generic_room_11
D:3:      layout_basic, ebering_ghost_reflecting_pool
D:4:      layout_loops_ring, xom_butterflies, nicolae_overflow_crystal_walls,
          nicolae_overflow_hidden_temple, uniq_duvessa, uniq_pikel

Skill      XL: |  1  2  3  4 |
---------------+-------------+-----
Earth Magic    | 4 |  4.9
Spellcasting   | 3 4 |  4.1
Conjurations   | 2 |  2.0
Dodging        | |  1.5
Stealth        | |  2.1
Transmutations | |  0.7

Action                   |  1- 3 |  4- 6 || total
-------------------------+-------+-------++-------
Melee: Dagger            |     9 |       ||     9
       Spear             |    76 |    56 ||   132
       Punch             |       |     1 ||     1
 Cast: Sandblast         |     9 |    17 ||    26
  Use: Scroll            |       |     2 ||     2
 Stab: Sleeping          |     6 |     2 ||     8
Armor: Robe              |    24 |    12 ||    36
       Leather armour    |       |     9 ||     9
Dodge: Dodged            |    39 |    34 ||    73
